 Dungeon Crawl Stone Soup version 0.29-a0-817-g9904bce7a6 (webtiles) character file.

Game seed: 17998083728410978262

249 zeratav the Shooter (level 5, -1/25 HPs)
             Began as a Spriggan Hunter on July 5, 2022.
             Killed by divine providence
             ... invoked by an orc priest
              (13 damage)
             ... on level 3 of the Dungeon.
             The game lasted 00:02:40 (2928 turns).

zeratav the Shooter (Spriggan Hunter)               Turns: 2928, Time: 00:02:41

Health: -1/25      AC:  2    Str:  7    XL:     5   Next: 86%
Magic:  6/6        EV: 18    Int: 11    God:
Gold:   150        SH:  0    Dex: 20    Spells: 4/4 levels left

rFire   . . .      SeeInvis +   a - +0 shortbow {bow}
rCold   . . .      Faith    .   (shield currently unavailable)
rNeg    . . .      Spirit   .   c - +0 robe
rPois   .          Reflect  .   (helmet restricted)
rElec   .          Harm     .   (no cloak)
rCorr   .          Rampage  .   (gloves unavailable)
Will    .....                   (boots unavailable)
Stlth   ++........              r - amulet of the acrobat
HPRegen 0.08/turn               (no ring)
MPRegen 0.10/turn               (no ring)

@: very quick
A: very small, no large weapons, unfitting armour, see invisible, speed 3
a: no special abilities


You were on level 3 of the Dungeon.
You visited 1 branch of the dungeon, and saw 3 of its levels.

You collected 150 gold pieces.


Innate Abilities, Weirdness & Mutations

You are very small and have problems with some larger weapons.
You are too small for most types of armour.
You have supernaturally acute eyesight. (SInv)
You cover ground extremely quickly. (Speed+++)


   Skills:
 - Level 1.5 Fighting
 + Level 7.2 Ranged Weapons
 - Level 2.6 Dodging
 - Level 1.5 Stealth


You had 4 spell levels left.
You didn't know any spells.
Your spell library contained the following spells:

 Spells                   Type           Power      Damage    Failure   Level
 Beastly Appendage        Tmut           0%         N/A       34%         1
 Wereblood                Tmut           0%         N/A       47%         2
 Spider Form              Tmut/Pois      0%         N/A       71%         3

Inventory:

Hand Weapons
 a - a +0 shortbow (weapon) {bow}
Armour
 c - a +0 robe (worn)
Jewellery
 r - an amulet of the acrobat (around neck)
   (You found it on level 2 of the Dungeon)
Scrolls
 b - a scroll of immolation {!r!r}
 e - 2 scrolls of enchant armour {unknown}
 g - 4 scrolls of poison {unknown}
 h - 2 scrolls of summoning {unknown}
 k - a scroll of amnesia {unknown}
 l - 2 scrolls of blinking {unknown}
 m - a scroll of fear {unknown}
 n - 4 scrolls of identify {unknown}
 o - a scroll of teleportation {unknown}
 p - a scroll of enchant weapon {unknown}
 u - a scroll of silence {unknown}
Potions
 d - 2 potions of heal wounds {unknown}
 f - a potion of magic {unknown}
 i - 4 potions of curing {@q1}
 j - a potion of lignification {unknown}
 q - 2 potions of resistance {unknown}
 s - 2 potions of haste {unknown}
 t - a potion of might {unknown}

Dungeon Overview and Level Annotations

Branches:
Dungeon (3/15) Zot: 15846

Altars:

#........# #######
##o####.####
#..........########
#..................
#..................
#...o..............
#..........########
#..........#
#......@...#######
#.................
#.................
#.................
#.................
####.##.#.........
#..#.#.........
##.#.#.........
#...#.........


You could see an orc priest and an orc.


Message History

A rat is nearby!
You shoot an arrow. The arrow completely misses the rat.
You shoot an arrow. The arrow barely misses the rat.
You shoot an arrow.
The arrow hits the rat but does no damage.
You shoot an arrow. The arrow hits the rat!
You kill the rat!
No target in view!
No target in view!
You now have 136 gold pieces (gained 8).
e - 2 scrolls labelled UHU XIYTEERR (gained 1)
A dart slug comes into view.
You shoot an arrow. The arrow hits the dart slug!
You kill the dart slug!
No target in view!
No target in view!
No target in view!
Found a stone staircase leading down.
There is a fountain of clear blue water here.
You now have 150 gold pieces (gained 14).
u - a scroll labelled LAIH TOPSASIOZ
Found a stone staircase leading up.
A goblin comes into view. It is wielding a +0 club.
You shoot an arrow. The goblin shouts!
The arrow hits the goblin.
You kill the goblin!
No target in view!
No target in view!
s - 2 bubbling clear potions (gained 1)
Things that are here:
a +0 club {mace}; a goblin corpse
There is an open door here.
An orc comes into view. It is wielding a +2 trident of venom.
You shoot an arrow. The arrow barely misses the orc.
The orc shouts!
An orc comes into view. It is wielding a +0 dagger. x2
You shoot an arrow. The orc shouts! x2
The arrow hits the orc but does no damage.
You hear a shout!
An orc comes into view. It is wielding a +0 dagger.
You shoot an arrow.
The arrow hits the orc but does no damage.
The orc barely misses you.
You shoot an arrow. The arrow hits the orc.
An orc priest comes into view. It is wielding a +0 mace.
The orc barely misses you.
You shoot an arrow.
The arrow hits the orc but does no damage.
The orc priest looks encouraged for a moment.
The orc misses you.
You shoot an arrow. The arrow hits the orc.
You kill the orc!
You shoot an arrow. The arrow hits the orc.
The orc completely misses you.
You shoot an arrow. The arrow barely misses the orc.
The arrow closely misses the orc.
The orc barely misses you.
You shoot an arrow. The arrow closely misses the orc.
The arrow hits the orc.
The orc barely misses you.
The orc priest calls upon Beogh to heal the orc.
The orc's wounds heal themselves!
There is an open door here.
A kobold comes into view. It is wielding a +0 club.
You shoot an arrow. The arrow hits the orc!
You kill the orc!
The orc priest mumbles some strange prayers to Beogh against you.
Beogh smites you!
HP[-12]
You take 12 damage, and now have 13/25 hp.
MASSIVE DAMAGE!! (PAUSE)
You shoot an arrow. The arrow hits the orc.
You shoot an arrow. The arrow barely misses the orc.
The arrow hits the orc priest.
The orc hits you with a +0 dagger.
* * * LOW HITPOINT WARNING * * *
The orc priest calls upon Beogh to heal the orc.
The orc's wounds heal themselves!
HP[-2]
You take 2 damage, and now have 11/25 hp.
You are too injured to fight recklessly!
The orc priest looks satisfied for a moment.
HP[+1]
You are too injured to fight recklessly!
You are too injured to fight recklessly!
You are too injured to fight recklessly!
Fire: a) +0 shortbow {bow}
Press: ? - help, Q - select action Shift-Dir - straight line, f/p - orc
Aim: an orc, wielding a +0 dagger and wearing a +0 leather armour (65% to hit)
You shoot an arrow. The arrow hits the orc.
Fire: a) +0 shortbow {bow}
Press: ? - help, Q - select action Shift-Dir - straight line, f/p - orc
Aim: an orc, wielding a +0 dagger and wearing a +0 leather armour (heavily wounded, 65% to hit)
You shoot an arrow. The arrow completely misses the orc.
Fire: a) +0 shortbow {bow}
Press: ? - help, Q - select action Shift-Dir - straight line, f/p - orc
Aim: an orc, wielding a +0 dagger and wearing a +0 leather armour (heavily wounded, 65% to hit)
You shoot an arrow. The arrow barely misses the orc.
The orc priest mumbles some strange prayers to Beogh against you.
Beogh smites you!
Ouch! That really hurt!
You die...

Skill      XL: |  1  2  3  4 |
---------------+-------------+-----
Ranged Weapons | 5 7 |  7.2
Fighting       | |  1.5
Dodging        | |  2.6
Stealth        | |  1.5

Action                   |  1- 3 |  4- 6 || total
-------------------------+-------+-------++-------
 Fire: Shortbow          |   138 |    49 ||   187
Armor: Robe              |     7 |     2 ||     9
Dodge: Dodged            |    93 |    22 ||   115

Levels and vault maps discovered:
D:1:      dpeg_arrival_caged_fury, layout_basic
D:2:      layout_loops_cross, ebering_ecumenical_altar_box
D:3:      layout_basic, serial_corexii_hall, chequers_hall_statues_wall_a,
          corexii_hall_statues_l, uniq_sigmund, uniq_robin

Notes
Turn   | Place    | Note
-------+----------+-------------------------------------------
     0 | D:1      | zeratav the Spriggan Hunter began the quest for the Orb.
     0 | D:1      | Reached XP level 1. HP: 10/10 MP: 2/2
     0 | D:1      | magus.rc [v1.9.6]
     1 | D:1      | Found a runed translucent door.
   210 | D:1      | Reached XP level 2. HP: 14/14 MP: 3/3
  1019 | D:1      | Reached skill level 5 in Ranged Weapons
  1020 | D:1      | Reached XP level 3. HP: 16/18 MP: 4/4
  1645 | D:2      | You pick up a book of Changes and begin reading...
  1645 | D:2      | You add the spells Beastly Appendage, Wereblood and Spider
                  | Form to your library.
  1851 | D:2      | Found a faded altar of an unknown god.
  1945 | D:3      | Noticed Robin
  1959 | D:3      | Reached XP level 4. HP: 14/22 MP: 5/5
  2272 | D:3      | Killed Robin
  2514 | D:3      | Noticed Sigmund
  2538 | D:3      | Killed Sigmund
  2539 | D:3      | Reached skill level 7 in Ranged Weapons
  2539 | D:3      | Reached XP level 5. HP: 14/25 MP: 6/6
  2928 | D:3      | Killed from afar by an orc priest

Vanquished Creatures
  Sigmund (D:3)
  Robin (D:3)
  3 worms (D:2)
  A dart slug (D:3)
  2 orcs (D:3)
  5 bats
  2 endoplasms (D:1)
  6 giant cockroaches (D:1)
  16 goblins
  3 hobgoblins
  9 jackals (D:1)
  A quokka (D:1)
  4 ball pythons
  3 frilled lizards
  4 kobolds
  9 rats
70 creatures vanquished.

Table legend:
 A = Non-vault XP
 B = Vault XP
 C = Vault XP percentage of total XP
 D = Non-vault monster count
 E = Vault monster count
 F = Vault count percentage of total count
                 A         B        C        D         E       F
            +---------+---------+-------+---------+---------+-------
      Total |      74 |     282 |  79.2 |      40 |      30 |  42.9
            +---------+---------+-------+---------+---------+-------
        D:1 |      33 |      30 |  47.6 |      22 |      16 |  42.1
        D:2 |      24 |      10 |  29.4 |      10 |       5 |  33.3
        D:3 |      17 |     242 |  93.4 |       8 |       9 |  52.9
            +---------+---------+-------+---------+---------+-------

Illustrated notes

Table legend:
 A = Kills in this place as a percentage of kills in entire the game.
 B = Kills by you in this place as a percentage of kills by you in the entire game.
 C = Kills by friends in this place as a percentage of kills by friends in the entire game.
 D = Other kills in this place as a percentage of other kills in the entire game.
 E = Experience gained in this place as a percentage of experience gained in the entire game.
 F = Experience gained in this place divided by the number of levels of this place that you have seen.
                   A       B       C       D       E      F
               +-------+-------+-------+-------+-------+----------------------
         Total | 100.0 | 100.0 |   N/A |   N/A | 100.0 | 118.7
       Dungeon | 100.0 | 100.0 |   N/A |   N/A | 100.0 | 118.7
               +-------+-------+-------+-------+-------+----------------------

Table legend: (Time is in decaauts)
 A = Elapsed time spent in this place.
 B = Non-inter-level travel time spent in this place.
 C = Inter-level travel time spent in this place.
 D = Time resting spent in this place.
 E = Time spent auto-exploring this place.
 F = Levels seen in this place.
 G = Mean time per level.
                   A        B        C        D        E       F      G
               +--------+--------+--------+--------+--------+-----+--------+
         Total |   2152 |   2139 |     13 |    282 |   1518 |   3 |  717.3 |
       Dungeon |   2152 |   2139 |     13 |    282 |   1518 |   3 |  717.3 |
               +--------+--------+--------+--------+--------+-----+--------+

Top non-repeatable levels by time:
     D:2: 834 daAuts
     D:1: 801 daAuts
     D:3: 516 daAuts
